BBA
VALENCIA STARS @ SACRAMENTO MAD POPES
04/17/2058
 
TOP OF THE 1ST
Valencia Stars batting - Pitching for Sacramento Mad Popes : RHP Lance Harrison
Pitching: RHP Lance Harrison
Batting: LHB Miller Shed 0-0: Foul Ball, location: 7LSF
0-1: Ball
1-1: SOLO HOME RUN (Flyball, 7D, EV 103.8 MPH), Distance : 399 ft
Batting: LHB Kenny Blackwell 0-0: Fly out, F7 (Flyball, 78S, EV 92.5 MPH)
Batting: RHB Tim Bartlett 0-0: Ball
1-0: Ball
2-0: Called Strike
2-1: Foul Ball, location: 9LDF
2-2: Ball
3-2: Base on Balls
Batting: LHB Mark Kimball 0-0: Ball
1-0: Swinging Strike
1-1: Ball
2-1: Foul Ball, location: 3F
2-2: SINGLE (Groundball, 34D, EV 97.5 MPH)
Tim Bartlett to second
Runner from 2nd tries for 3rd, SAFE, throw by RF made to third
Batting: SHB Carlos Souza 0-0: Ball
1-0: Called Strike
1-1: Called Strike
1-2: Ball
2-2: Ball
3-2: Foul Ball, location: 5DF
3-2: Strikes out swinging
Batting: LHB Qadir bin Gamal 0-0: Ball
1-0: Ground out U3 (Groundball, 3L, EV 104.4 MPH)
Top of the 1st over - 1 run, 2 hits, 0 errors, 2 left on base; Valencia 1 - Sacramento 0
BOTTOM OF THE 1ST
Sacramento Mad Popes batting - Pitching for Valencia Stars : RHP Juan García
Pitching: RHP Juan García
Batting: LHB Okyay Nisancî 0-0: Fly out, F7 (Flyball, 78M, EV 91.9 MPH)
Batting: RHB Unem Ploid 0-0: Ball
1-0: Called Strike
1-1: Foul Ball, location: 3DF
1-2: Foul Ball, location: 2F
1-2: Foul Ball, location: 2F
1-2: Strikes out looking
Batting: SHB Ryan Geauxinue 0-0: Called Strike
0-1: Ball
1-1: Ground out 1-3 (Groundball, 15S, EV 63.1 MPH)
Bottom of the 1st over - 0 runs, 0 hits, 0 errors, 0 left on base; Valencia 1 - Sacramento 0
TOP OF THE 2ND
Valencia Stars batting - Pitching for Sacramento Mad Popes : RHP Lance Harrison
Batting: RHB Habib bin Ameen 0-0: Foul Ball, location: 9LDF
0-1: Fly out, F3 (Popup, 3, EV 63.1 MPH)
Batting: RHB Tyler Conklin 0-0: Called Strike
0-1: SINGLE (Line Drive, 89S, EV 93.1 MPH)
Batting: RHB Pedro Kraamer 0-0: Foul Ball, location: 9LMF
0-1: Called Strike
0-2: Grounds into double play, 4-6-3 (Groundball, 4, EV 108.1 MPH)
Top of the 2nd over - 0 runs, 1 hit, 0 errors, 0 left on base; Valencia 1 - Sacramento 0
BOTTOM OF THE 2ND
Sacramento Mad Popes batting - Pitching for Valencia Stars : RHP Juan García
Batting: RHB Yuu Suzuki 0-0: Ball
1-0: Ball
2-0: Foul Ball, location: 2F
2-1: Foul Ball, location: 9LSF
2-2: Fly out, F3 (Popup, 3S, EV 73.1 MPH)
Batting: LHB José Montoya 0-0: Ball
1-0: Ball
2-0: Ball
3-0: Called Strike
3-1: Ground out 4-3 (Groundball, 4, EV 83.8 MPH)
Batting: RHB Badr Isam 0-0: Ball
1-0: Swinging Strike
1-1: Foul Ball, location: 5F
1-2: Ground out 6-3 (Groundball, 6, EV 88.1 MPH)
Bottom of the 2nd over - 0 runs, 0 hits, 0 errors, 0 left on base; Valencia 1 - Sacramento 0
TOP OF THE 3RD
Valencia Stars batting - Pitching for Sacramento Mad Popes : RHP Lance Harrison
Batting: LHB Miller Shed 0-0: Ground out 3-1 (Groundball, 34, EV 105.6 MPH)
Batting: LHB Kenny Blackwell 0-0: Called Strike
0-1: SINGLE (Line Drive, 34D, EV 99.4 MPH)
Batting: RHB Tim Bartlett 0-0: Ball
1-0: Ball
2-0: Ball
3-0: SINGLE (Line Drive, 9S, EV 86.3 MPH)
Kenny Blackwell to second
Runner from 2nd tries for 3rd, SAFE, throw by RF made to third
Batting: LHB Mark Kimball 0-0: Ball
1-0: Called Strike
1-1: Swinging Strike
1-2: Ball
2-2: 3-RUN HOME RUN (Flyball, 7LD, EV 99.4 MPH), Distance : 355 ft
Batting: SHB Carlos Souza 0-0: Ground out 2-3 (Groundball, 13S, EV 70.0 MPH)
Batting: LHB Qadir bin Gamal 0-0: Called Strike
0-1: Foul Ball, location: 2F
0-2: Ground out 4-3 (Groundball, 34D, EV 101.3 MPH)
Top of the 3rd over - 3 runs, 3 hits, 0 errors, 0 left on base; Valencia 4 - Sacramento 0
BOTTOM OF THE 3RD
Sacramento Mad Popes batting - Pitching for Valencia Stars : RHP Juan García
Batting: RHB Senzo Sato 0-0: Ground out U3 (Groundball, 13, EV 87.5 MPH)
Batting: SHB Don Keagle 0-0: Ball
1-0: Ball
2-0: Ground out 6-3 (Groundball, 6, EV 84.4 MPH)
Batting: SHB Haydar Syeda 0-0: Ball
1-0: Called Strike
1-1: Foul Ball, location: 3FF
1-2: Ball
2-2: Strikes out swinging
Bottom of the 3rd over - 0 runs, 0 hits, 0 errors, 0 left on base; Valencia 4 - Sacramento 0
TOP OF THE 4TH
Valencia Stars batting - Pitching for Sacramento Mad Popes : RHP Lance Harrison
Batting: RHB Habib bin Ameen 0-0: Foul Ball, location: 9LMF
0-1: Fly out, F8 (Flyball, 8RD, EV 88.8 MPH)
Batting: RHB Tyler Conklin 0-0: Called Strike
0-1: Ground out 5-3 (Groundball, 56, EV 66.9 MPH)
Batting: RHB Pedro Kraamer 0-0: Called Strike
0-1: Ground out 5-3 (Groundball, 56S, EV 85.0 MPH)
Top of the 4th over - 0 runs, 0 hits, 0 errors, 0 left on base; Valencia 4 - Sacramento 0
BOTTOM OF THE 4TH
Sacramento Mad Popes batting - Pitching for Valencia Stars : RHP Juan García
Batting: LHB Okyay Nisancî 0-0: Ground out U3 (Groundball, 3, EV 105.6 MPH)
Batting: RHB Unem Ploid 0-0: DOUBLE (Line Drive, 9LS, EV 98.1 MPH)
Batting: SHB Ryan Geauxinue 0-0: SINGLE (Flyball, 8LS, EV 94.4 MPH)
Unem Ploid to third
Runner from 3rd tries for Home, SAFE, throw by CF to home
Batting: RHB Yuu Suzuki 0-0: Ball
1-0: Ball
2-0: Ball
3-0: Called Strike
3-1: SINGLE (Groundball, 6MD, EV 101.3 MPH)
Ryan Geauxinue to second
Runner from 2nd tries for 3rd, SAFE, throw by CF made to third
Batting: LHB José Montoya 0-0: Ball
1-0: Called Strike
1-1: Fly out, F6 (Popup, 6M, EV 60.0 MPH)
Batting: RHB Badr Isam 0-0: Called Strike
0-1: DOUBLE (Flyball, 78XD, EV 108.8 MPH)
Ryan Geauxinue scores
Yuu Suzuki to third
Batting: RHB Senzo Sato 0-0: Fly out, F5 (Popup, 25, EV 85.6 MPH)
Bottom of the 4th over - 2 runs, 4 hits, 0 errors, 2 left on base; Valencia 4 - Sacramento 2
TOP OF THE 5TH
Valencia Stars batting - Pitching for Sacramento Mad Popes : RHP Lance Harrison
Batting: LHB Miller Shed 0-0: Called Strike
0-1: Ball
1-1: SINGLE (Line Drive, 8RS, EV 100.0 MPH)
Batting: LHB Kenny Blackwell 0-0: Ball
1-0: Swinging Strike
1-1: Ball
2-1: Fly out, F7 (Flyball, 7S, EV 91.3 MPH)
Batting: RHB Tim Bartlett 0-0: Fly out, F5 (Line Drive, 56, EV 68.8 MPH)
Batting: LHB Mark Kimball 0-0: Ball
1-0: Called Strike
1-1: Foul Ball, location: 2F
1-2: Ball
2-2: Foul Ball, location: 5FF
2-2: Ball
3-2: Foul Ball, location: 9LMF
3-2: DOUBLE (Line Drive, 7LS, EV 106.3 MPH)
Miller Shed to third
Miller Shed scores
Pitching: LHP Boulos Naim
Batting: SHB Carlos Souza 0-0: Ball
1-0: Swinging Strike
1-1: Ball
2-1: Called Strike
2-2: Ground out 4-3 (Groundball, 4, EV 103.1 MPH)
Top of the 5th over - 1 run, 2 hits, 0 errors, 1 left on base; Valencia 5 - Sacramento 2
BOTTOM OF THE 5TH
Sacramento Mad Popes batting - Pitching for Valencia Stars : RHP Juan García
Batting: SHB Don Keagle 0-0: Ball
1-0: Ground out U3 (Groundball, 34S, EV 81.9 MPH)
Batting: SHB Haydar Syeda 0-0: SINGLE (Flyball, 8LS, EV 97.5 MPH)
Batting: LHB Okyay Nisancî 0-0: Ball
1-0: Ball
2-0: Foul Ball, location: 2F
2-1: Ball
3-1: Grounds into double play, U3-6 (Groundball, 3L, EV 88.1 MPH)
Bottom of the 5th over - 0 runs, 1 hit, 0 errors, 0 left on base; Valencia 5 - Sacramento 2
TOP OF THE 6TH
Valencia Stars batting - Pitching for Sacramento Mad Popes : LHP Boulos Naim
Batting: LHB Qadir bin Gamal 0-0: Ground out 6-3 (Groundball, 6, EV 78.8 MPH)
Batting: RHB Habib bin Ameen 0-0: SINGLE (Groundball, 6MD, EV 100.6 MPH)
Batting: RHB Tyler Conklin 0-0: Foul Ball, location: 23FF
0-1: Ball
1-1: Ground out 4-3 (Groundball, 34, EV 89.4 MPH)
Habib bin Ameen to second
Batting: RHB Pedro Kraamer 0-0: Ball
1-0: Called Strike
1-1: Foul Ball, location: 2F
1-2: Ball
2-2: Fly out, F9 (Flyball, 89M, EV 84.4 MPH)
Top of the 6th over - 0 runs, 1 hit, 0 errors, 1 left on base; Valencia 5 - Sacramento 2
BOTTOM OF THE 6TH
Sacramento Mad Popes batting - Pitching for Valencia Stars : RHP Juan García
Batting: RHB Unem Ploid 0-0: Ball
1-0: Fly out, F3 (Popup, 34S, EV 83.1 MPH)
Batting: SHB Ryan Geauxinue 0-0: Ball
1-0: Foul Ball, location: 7LSF
1-1: Ground out 4-3 (Groundball, 4, EV 101.9 MPH)
Batting: RHB Yuu Suzuki 0-0: Called Strike
0-1: Foul Ball, location: 7LDF
0-2: Ball
1-2: DOUBLE (Flyball, 9LM, EV 108.1 MPH)
Batting: LHB José Montoya 0-0: Fly out, F8 (Flyball, 8LXD, EV 86.9 MPH)
Bottom of the 6th over - 0 runs, 1 hit, 0 errors, 1 left on base; Valencia 5 - Sacramento 2
TOP OF THE 7TH
Valencia Stars batting - Pitching for Sacramento Mad Popes : LHP Boulos Naim
Batting: LHB Miller Shed 0-0: Ball
1-0: Swinging Strike
1-1: Ball
2-1: Foul Ball, location: 3FF
2-2: Strikes out swinging
Batting: LHB Kenny Blackwell 0-0: Ball
1-0: Fly out, F7 (Flyball, 7, EV 90.0 MPH)
Batting: RHB Tim Bartlett 0-0: Ball
1-0: Ball
2-0: Called Strike
2-1: Ball
3-1: Base on Balls
Batting: LHB Mark Kimball 0-0: Called Strike
0-1: Fly out, F6 (Popup, 6S, EV 65.6 MPH)
Top of the 7th over - 0 runs, 0 hits, 0 errors, 1 left on base; Valencia 5 - Sacramento 2
BOTTOM OF THE 7TH
Sacramento Mad Popes batting - Pitching for Valencia Stars : RHP Juan García
Batting: RHB Badr Isam 0-0: Fly out, F9 (Flyball, 89S, EV 89.4 MPH)
Batting: RHB Senzo Sato 0-0: Called Strike
0-1: Ground out U3 (Groundball, 34, EV 108.1 MPH)
Batting: SHB Don Keagle 0-0: Ground out 4-3 (Groundball, 4, EV 84.4 MPH)
Bottom of the 7th over - 0 runs, 0 hits, 0 errors, 0 left on base; Valencia 5 - Sacramento 2
TOP OF THE 8TH
Valencia Stars batting - Pitching for Sacramento Mad Popes : LHP Boulos Naim
Batting: SHB Carlos Souza 0-0: Fly out, F4 (Popup, 4MD, EV 66.9 MPH)
Batting: LHB Qadir bin Gamal 0-0: Swinging Strike
0-1: Foul Ball, location: 7LDF
0-2: Foul Ball, location: 5FF
0-2: Strikes out swinging
Batting: RHB Habib bin Ameen 0-0: Ball
1-0: Foul Ball, location: 23FF
1-1: Ground out 5-3 (Groundball, 56S, EV 66.9 MPH)
Top of the 8th over - 0 runs, 0 hits, 0 errors, 0 left on base; Valencia 5 - Sacramento 2
BOTTOM OF THE 8TH
Sacramento Mad Popes batting - Pitching for Valencia Stars : RHP Juan García
Batting: SHB Haydar Syeda 0-0: Ball
1-0: Ball
2-0: Foul Ball, location: 9LMF
2-1: Called Strike
2-2: Ball
3-2: Strikes out swinging
Batting: LHB Okyay Nisancî 0-0: Foul Ball, location: 7LDF
0-1: Ground out 2-3 (Groundball, 15S, EV 63.1 MPH)
Batting: RHB Unem Ploid 0-0: Ball
1-0: Called Strike
1-1: Ball
2-1: Foul Ball, location: 7LMF
2-2: Foul Ball, location: 9LSF
2-2: Ball
3-2: SINGLE (Line Drive, 8RS, EV 86.9 MPH)
Batting: SHB Ryan Geauxinue 0-0: SINGLE (Line Drive, 4M, EV 95.0 MPH)
Unem Ploid to second
Runner from 2nd tries for 3rd, SAFE, throw by CF made to third
Batting: RHB Yuu Suzuki 0-0: Ground out 4-3 (Groundball, 4, EV 105.0 MPH)
Bottom of the 8th over - 0 runs, 2 hits, 0 errors, 2 left on base; Valencia 5 - Sacramento 2
TOP OF THE 9TH
Valencia Stars batting - Pitching for Sacramento Mad Popes : LHP Boulos Naim
Pitching: RHP Angus Trew
Batting: RHB Tyler Conklin 0-0: Ball
1-0: Ball
2-0: Ball
3-0: Called Strike
3-1: SINGLE (Line Drive, 34, EV 96.9 MPH)
Batting: RHB Pedro Kraamer 0-0: Ball
1-0: Called Strike
1-1: Foul Ball, location: 2F
1-2: SINGLE (Groundball, 4MD, EV 95.6 MPH)
Tyler Conklin to second
Runner from 2nd tries for 3rd, SAFE, throw by CF made to third
Pinch Runner at 3rd Xiao-gang Peng:
Batting: LHB Miller Shed 0-0: Called Strike
0-1: Fly out, F6 (Popup, 6D, EV 70.6 MPH)
Batting: LHB Kenny Blackwell 0-0: Ball
1-0: Fly out, F8 (Line Drive, 8LM, EV 102.5 MPH)
Runner from 3rd tags up, OUT at HOME! 8-2
Top of the 9th over - 0 runs, 2 hits, 0 errors, 1 left on base; Valencia 5 - Sacramento 2
BOTTOM OF THE 9TH
Sacramento Mad Popes batting - Pitching for Valencia Stars : RHP Juan García
Pitching: RHP Martin Román
Now at SS: Koray Kapkin
Batting: LHB José Montoya 0-0: Called Strike
0-1: Fly out, F8 (Flyball, 8RXD, EV 108.1 MPH)
Batting: RHB Badr Isam 0-0: Called Strike
0-1: Called Strike
0-2: Ground out 6-3 (Groundball, 6, EV 105.0 MPH)
Batting: RHB Senzo Sato 0-0: Called Strike
0-1: Ball
1-1: Foul Ball, location: 2F
1-2: Ball
2-2: Foul Ball, location: 9LDF
2-2: Foul Ball, location: 2F
2-2: Ball
3-2: Ground out 6-3 (Groundball, 6, EV 87.5 MPH)
Bottom of the 9th over - 0 runs, 0 hits, 0 errors, 0 left on base; Valencia 5 - Sacramento 2
Thursday, February 15th , 2024 - OOTP Baseball 24.9 Build 78